 Dungeon Crawl Stone Soup version 0.19-a0-1882-gbb73ea0 (webtiles) character file.

282 Charly the Ruffian (level 6, -1/51 HPs)
             Began as a Ghoul Monk on Oct 14, 2016.
             Was a Believer of Cheibriados.
             Slain by a hippogriff (2 damage)
             ... on level 5 of the Dungeon.
             The game lasted 00:08:12 (508 turns).

Charly the Ruffian (Ghoul Monk)                      Turns: 508, Time: 00:08:13

Health: -1/51      AC:  8    Str: 24    XL:     6   Next: 28%
Magic:  5/5        EV:  6    Int: 11    God:    Cheibriados [**....]
Gold:   41         SH:  8    Dex: 15    Spells: 0 memorised, 5 levels left

rFire  . . .     SeeInvis .       - Unarmed
rCold  + . .     Gourm    .     f - +0 chain mail
rNeg   + + +     Faith    .     h - +0 shield
rPois  ∞         Spirit   .     (no helmet)
rElec  .         Dismiss  .     (no cloak)
rCorr  .         Reflect  .     (no gloves)
MR     .....     Harm     .     (no boots)
Stlth  ..........               (no amulet)
                                (no ring)
                                (no ring)

@: mighty, rotting, very slow
A: rotting body, claws 1, carnivore 3, cold resistance 1, negative energy
resistance 3, slow regeneration 1, torment resistance, unbreathing
a: Bend Time, Renounce Religion


You were on level 5 of the Dungeon.
You worshipped Cheibriados.
Cheibriados was pleased with you.
You were not hungry.

You visited 2 branches of the dungeon, and saw 6 of its levels.

You collected 41 gold pieces.

Inventory:

Armour
 f - a +0 chain mail (worn)
 h - a +0 shield (worn)
Scrolls
 e - a scroll of remove curse {unknown}
 g - a scroll of teleportation {unknown}
Comestibles
 b - 2 meat rations


   Skills:
 + Level 3.2 Fighting
 + Level 0.0 Armour
 - Level 2.6 Dodging
 - Level 2.1 Stealth
 * Level 7.5 Unarmed Combat


You had 5 spell levels left.
You didn't know any spells.

Dungeon Overview and Level Annotations

Branches:
Dungeon (5/15)             Temple (1/1) D:4

Altars:
Ashenzari
Cheibriados
Dithmenos
Hepliaklqana
Kikubaaqudgha
Makhleb
Okawaru
Qazlal
Ru
Trog
Vehumet
Yredelemnul
The Shining One


Innate Abilities, Weirdness & Mutations

Your body is rotting away.
You thrive on raw meat.
You are immune to poison.
You have sharp fingernails.
You are carnivorous and can eat meat at any time.
Your flesh is cold resistant. (rC+)
You are immune to negative energy. (rN+++)
You regenerate slowly when monsters are visible.
You are immune to unholy pain and torment.
You can survive without breathing.


Message History

You block the hippogriff's attack.
You scratch the hippogriff but do no damage.
The hippogriff bites you. The hippogriff pecks you. The hippogriff claws you.
* * * LOW HITPOINT WARNING * * *
Your shield and chain mail prevent you from hitting the hippogriff.
The hippogriff bites you!
* * * LOW HITPOINT WARNING * * *
The hippogriff completely misses you. You block the hippogriff's attack.
It was a potion of cancellation.
You feel magically purged. The hippogriff bites you.
* * * LOW HITPOINT WARNING * * *
The hippogriff pecks you.
* * * LOW HITPOINT WARNING * * *
The hippogriff claws you but does no damage.
It was a potion of might.
You feel very mighty all of a sudden. The hippogriff bites you!
* * * LOW HITPOINT WARNING * * *
The hippogriff pecks you.
You die...

.... .... #### ....
..... ..... ......
......##############+###
#..>H.................
#....@................
#.....................
#.....................
#.....................
#########'#########'#.
............#.....#.
............+.....#.
............#.....#.
###################.


You could see a hippogriff.

Vanquished Creatures
  An ice beast (D:5)
  A howler monkey (D:4)
  A crimson imp (D:5)
  A hound (D:4)
  A bullfrog skeleton (D:4)
  A centaur skeleton (D:4)
  A worker ant (D:4)
  An adder (D:4)
  An adder skeleton (D:4)
  A kobold (D:3)
  4 bats
  A frilled lizard (D:1)
  2 rats (D:1)
17 creatures vanquished.

Notes
Turn   | Place    | Note
-------+----------+-------------------------------------------
     0 | D:1      | Charly the Ghoul Monk began the quest for the Orb.
     0 | D:1      | Reached XP level 1. HP: 19/19 MP: 0/0
   159 | D:3      | Reached XP level 2. HP: 23/26 MP: 1/1
   176 | D:4      | Noticed a howler monkey
   188 | D:4      | Killed a howler monkey
   188 | D:4      | Reached skill level 4 in Unarmed Combat
   188 | D:4      | Reached XP level 3. HP: 3/31 MP: 2/2
   229 | D:4      | Reached skill level 5 in Unarmed Combat
   229 | D:4      | Reached XP level 4. HP: 15/38 MP: 3/3
   256 | D:4      | Found a staircase to the Ecumenical Temple.
   287 | Temple   | Entered the Ecumenical Temple
   331 | Temple   | Became a worshipper of Cheibriados the Contemplative
   331 | Temple   | Reached * piety under Cheibriados
   331 | Temple   | Reached ** piety under Cheibriados
   374 | D:4      | Reached skill level 6 in Unarmed Combat
   374 | D:4      | Reached XP level 5. HP: 29/45 MP: 4/4
   433 | D:5      | Entered Level 5 of the Dungeon
   441 | D:5      | Noticed an ice beast
   477 | D:5      | Killed an ice beast
   477 | D:5      | Reached skill level 7 in Unarmed Combat
   477 | D:5      | Reached XP level 6. HP: 32/51 MP: 5/5
   500 | D:5      | Noticed a hippogriff
   508 | D:5      | HP: 1/51 [hippogriff (7)]
   508 | D:5      | Slain by a hippogriff

Vault maps used:
D:1:      minmay_arrival_doors, minmay_quantized
D:2:      nicolae_overflow_hidden_temple, uniq_iyjb, uniq_sigmund
D:3:      grunt_temple_overflow_gold_and_silver, first_bread, tgw_fedhas
D:4:      minmay_three_crescents, uniq_menkaure
D:5:      gup_sewer_entry_spiral
Temple:   dshaligram_water_room_temple

Skill      XL: |  1  2  3  4  5 |
---------------+----------------+-----
Unarmed Combat | 4 5 6 7 |  7.5
Fighting       | |  3.2
Dodging        | |  2.6
Stealth        | |  2.1

Action                   |  1- 3 |  4- 6 || total
-------------------------+-------+-------++-------
Melee: Unarmed           |    42 |    38 ||    80
       Punch             |     2 |     3 ||     5
  Use: Potion            |     2 |     2 ||     4
       Scroll            |       |     1 ||     1
 Stab: Sleeping          |     1 |       ||     1
  Eat: Chunk             |       |     3 ||     3
Armor: Robe              |     8 |       ||     8
       Chain mail        |       |    15 ||    15
Dodge: Dodged            |    23 |    12 ||    35
Block: Shield            |       |     2 ||     2
